 Dungeon Crawl Stone Soup version 0.25.1-2-g60ff931df9 (webtiles) character file.

Game seed: 10859729845559933580

96 DogServant the Poker (level 4, -5/35 HPs)
             Began as a Demonspawn Gladiator on Oct 22, 2020.
             Slain by an orc warrior
             ... wielding a +0 halberd
              (21 damage)
             ... on level 3 of the Dungeon.
             The game lasted 00:02:52 (1749 turns).

DogServant the Poker (Demonspawn Gladiator)         Turns: 1749, Time: 00:02:53

Health: -5/35      AC:  3    Str: 14    XL:     4   Next: 41%
Magic:  0/4        EV: 12    Int: 11    God:
Gold:   54         SH:  0    Dex: 14    Spells: 3/3 levels left

rFire    . . .     SeeInvis .   h - +2 dagger (elec)
rCold    . . .     Gourm    .   (no shield)
rNeg     . . .     Faith    .   b - +0 leather armour
rPois    .         Spirit   +   (helmet restricted)
rElec    .         Reflect  .   (no cloak)
rCorr    .         Harm     .   (no gloves)
MR       .....                  (no boots)
Stlth    +.........             (no amulet)
HPRegen  0.11/turn              (no ring)
MPRegen  0.09/turn              (no ring)

@: no status effects
A: horns 1, magic shield
a: no special abilities


You were on level 3 of the Dungeon.
You were not hungry.

You visited 1 branch of the dungeon, and saw 3 of its levels.

You collected 54 gold pieces.

Inventory:

Hand Weapons
 a - a +1 trident
 h - a +2 dagger of electrocution (weapon)
Armour
 b - a +0 leather armour (worn)
 c - a +0 helmet
Scrolls
 d - a scroll of magic mapping {unknown}
 g - 2 scrolls of identify {unknown}
 k - a scroll of blinking {unknown}
 l - 4 scrolls of amnesia {unknown}
 m - a scroll of random uselessness {unknown}
 n - a scroll of immolation {unknown}
Potions
 i - a potion of haste {unknown}
 o - a potion of magic {unknown}
Comestibles
 f - 3 rations
 j - a chunk of flesh


   Skills:
 + Level 3.5 Fighting
 + Level 3.9 Polearms
 - Level 1.7 Throwing
 - Level 2.6 Dodging


You had 3 spell levels left.
You didn't know any spells.
Your spell library was empty.

Dungeon Overview and Level Annotations

Branches:
Dungeon (3/15)

Altars:
Okawaru
Vehumet
Wu Jian


Innate Abilities, Weirdness & Mutations

You have a pair of small horns on your head.
When hurt, damage is shared between your health and your magic reserves.


Message History

a +0 dagger; a +0 robe
Things that are here:
a +0 falchion; a +0 ring mail An orc and an orc warrior come into view.
The orc shouts!
The orc warrior moves out of view.
Found 17 gold pieces.
An orc is nearby!
An orc is nearby!
Found 15 gold pieces.
The orc warrior hits you with a +0 halberd!
You hit the orc warrior but do no damage.
You headbutt the orc warrior, but do no damage.
The orc hits you.
The orc warrior hits you with a +0 halberd!
You closely miss the orc warrior. The orc hits you.
The orc warrior closely misses you.
The orc warrior hits you from afar with a +0 halberd!!
Ouch! That really hurt!
You die...

.##......######.# #.#
.............#.# ##.#
.#......####.#.# #<.##
###...........#.## #..##
.........####.#..###..##
.#.......##.#.#....#..##
......................##
.#.####.###..........<..
# #...@###.#.........#.
#.##o......_..8.._...
........o..............
#...$#.#...............
.....................#..
.#.......$..............
#....#.######.#...##...
#....... ..#.#...##...
#.##...#.####.#.##..##...


You could see an orc warrior and an orc.

Vanquished Creatures
  An orc wizard (D:3)
  2 oozes (D:3)
  3 worms (D:3)
  3 dart slugs
  A leopard gecko (D:3)
  An orc (D:3)
  2 giant cockroaches
  7 goblins
  5 hobgoblins
  2 ball pythons
  4 bats
  5 frilled lizards (D:1)
  5 kobolds
  4 rats
45 creatures vanquished.

Notes
Turn   | Place    | Note
-------+----------+-------------------------------------------
     0 | D:1      | DogServant the Demonspawn Gladiator began the quest for the
                  | Orb.
     0 | D:1      | Reached XP level 1. HP: 16/16 MP: 1/1
   145 | D:1      | Gained mutation: You have a pair of small horns on your
                  | head. [demonic ancestry]
   145 | D:1      | Reached XP level 2. HP: 23/23 MP: 2/2
   880 | D:2      | Found a radiant altar of Vehumet.
   885 | D:2      | Gained mutation: When hurt, damage is shared between your
                  | health and your magic reserves. [demonic ancestry]
   885 | D:2      | Reached XP level 3. HP: 27/28 MP: 3/3
  1048 | D:2      | Noticed a big kobold
  1377 | D:3      | Found an iron altar of Okawaru.
  1379 | D:3      | Found an ornate altar of the Wu Jian Council.
  1682 | D:3      | HP: 1/29 [orc wizard/magic dart (8)]
  1689 | D:3      | Reached XP level 4. HP: 30/35 MP: 4/4
  1743 | D:3      | Noticed an orc warrior
  1749 | D:3      | Slain by an orc warrior

Illustrated notes

Levels and vault maps discovered:
D:1:      minmay_arrival_radiant_lines, layout_loops_corners,
          minmay_tetromino_s4
D:2:      layout_basic, vehumet_crystals, serial_glass, glass_columns_b,
          glass_columns_b, glass_columns_b, glass_columns_c, glass_columns_a,
          glass_columns_b, hex_tiny, nicolae_qazlal_general_emergency,
          uniq_robin
D:3:      layout_basic, lemuel_doored_altar, grunt_temple_overflow_open

Skill      XL: |  1  2  3 |
---------------+----------+-----
Polearms       | 3 |  3.9
Fighting       | 3 |  3.5
Throwing       | |  1.7
Dodging        | |  2.6

Action                   |  1- 3 |  4- 6 || total
-------------------------+-------+-------++-------
Melee: Trident           |    66 |       ||    66
       Dagger            |    61 |     2 ||    63
       Headbutt          |    11 |     1 ||    12
Throw: Throwing net      |     3 |       ||     3
  Use: Scroll            |     3 |       ||     3
       Potion            |     1 |       ||     1
 Stab: Sleeping          |     2 |       ||     2
  Eat: Chunk             |     2 |     1 ||     3
Armor: Leather armour    |    26 |       ||    26
Dodge: Dodged            |    63 |     1 ||    64
